 Dungeon Crawl Stone Soup version 0.18.1-50-g88ac8fd (webtiles) character file.

10994 mopl the Magus (level 11, 0/55 HPs)
             Began as a Spriggan Artificer on June 12, 2017.
             Was an Elder of Nemelex Xobeh.
             Slain by a wolf spider (5 damage)
             ... on level 3 of the Lair of Beasts.
             The game lasted 00:26:11 (15155 turns).

mopl the Magus (Spriggan Artificer)                Turns: 15155, Time: 00:26:13

Health: 0/55       AC:  9    Str:  7    XL:     11   Next: 43%
Magic:  22/22      EV: 13    Int: 19    God:    Nemelex Xobeh [****..]
Gold:   570        SH:  0    Dex: 19    Spells: 0 memorised, 10 levels left

rFire  . . .     SeeInvis +     a - +0 short sword (venom)
rCold  + . .     Gourm    .     y - +4 robe of Fortification {rC+ Int+4}
rNeg   . . .     Faith    .     (shield restricted)
rPois  .         Spirit   .     R - +1 hat
rElec  .         Dismiss  .     k - +1 cloak
rCorr  .         Reflect  .     (gloves unavailable)
SustAt .         Harm     .     (boots unavailable)
MR     ++...                    (no amulet)
Stlth  ++++++++..               i - ring of protection from magic
                                M - ring of stealth

@: lethally poisoned (0 -> -34), held, very quick, very resistant to hostile
enchantments, extraordinarily stealthy
A: unfitting armour, see invisible, herbivore 3, speed 3, slow metabolism 2
a: Triple Draw, Deal Four, Renounce Religion


You were on level 3 of the Lair of Beasts.
You worshipped Nemelex Xobeh.
Nemelex Xobeh was greatly pleased with you.
You were not hungry.

You visited 2 branches of the dungeon, and saw 12 of its levels.

You collected 570 gold pieces.

Inventory:

Hand Weapons
 a - a +0 short sword of venom (weapon)
 b - the +0 blowgun "Cosche Ewoh" {speed, +Inv rC- rN+++ Str-4}
   (You found it on level 1 of the Lair of Beasts)

   Attacks with this weapon are significantly faster.
   It affects your strength (-4).
   It makes you vulnerable to cold.
   It renders you almost immune to negative energy.
   It lets you turn invisible.
 K - a +0 rapier
Missiles
 e - 53 poisoned needles
 g - 328 stones (quivered)
 t - 79 sling bullets
 E - 2 tomahawks
Armour
 k - a +1 cloak (worn)
 y - the +4 robe of Fortification (worn) {rC+ Int+4}
   (You found it on level 5 of the Dungeon)

   It affects your intelligence (+4).
   It protects you from cold.
 O - a mottled dragon hide
 R - a +1 hat (worn)
Jewellery
 i - a ring of protection from magic (right hand)
 s - an uncursed ring of positive energy
 F - an uncursed ring of protection from cold
 M - a ring of stealth (left hand)
 P - an uncursed ring of fire
Wands
 c - a wand of flame (3/48)
 d - a wand of enslavement (14/24)
 n - a wand of disintegration (13/24)
 H - a wand of disintegration (8/24)
Scrolls
 h - a scroll of fog {unknown}
 j - 8 scrolls of remove curse
 l - 2 scrolls of silence {unknown}
 o - 7 scrolls of identify
 p - 4 scrolls of immolation {unknown}
 q - 2 scrolls of amnesia {unknown}
 r - 4 scrolls of teleportation {unknown}
 w - 4 scrolls of magic mapping {unknown}
 x - 2 scrolls of recharging {unknown}
 C - a scroll of noise {unknown}
 D - 3 scrolls of enchant armour {unknown}
 S - 2 scrolls of random uselessness {unknown}
 T - a scroll of blinking {unknown}
Potions
 m - 6 potions of curing {unknown}
 u - 4 potions of might
 z - a potion of haste
 A - a potion of berserk rage {!q}
 B - 2 potions of magic
 I - 5 potions of lignification {!q}
 L - a potion of agility
Miscellaneous
 v - a plain deck of destruction {drawn: 2}
 G - a plain deck of summoning {drawn: 5}
 J - a plain deck of escape
 N - a legendary deck of war {drawn: 6}
 Q - a legendary deck of war
Comestibles
 f - 6 bread rations


   Skills:
 + Level 5.0 Fighting
 + Level 9.0 Short Blades
 + Level 1.2 Throwing
 + Level 9.0 Dodging
 + Level 13.1 Stealth
 * Level 13.9 Evocations


You had 10 spell levels left.
You didn't know any spells.

Dungeon Overview and Level Annotations

Branches:
Dungeon (9/15)             Temple (0/1) D:7            Lair (3/8) D:9
 Spider (0/4) Lair:3
  Swamp: Lair:3-6    Shoals: Lair:3-6       Orc: D:9-12

Altars:
Ashenzari
Cheibriados
Nemelex Xobeh
Ru
Trog
Vehumet
Xom
Yredelemnul

Annotations:
D:7 exclusion: statue


Innate Abilities, Weirdness & Mutations

You are tiny and cannot use many weapons and most armour.
You have supernaturally acute eyesight.
You are a herbivore.
You cover ground extremely quickly.
You need consume almost no food.


Message History

There is a web here.
The web tears apart.
The wolf spider misses you. The wolf spider completely misses you.
The redback completely misses you. The wolf spider barely misses you.
The wolf spider completely misses you. The wolf spider barely misses you.
The wolf spider closely misses you.
You are caught in the web!
There is a web here.
You struggle to detach yourself from the web.
You struggle to detach yourself from the web.
The wolf spider barely misses you. The wolf spider bites you!
The wolf spider hits you but does no damage.
The wolf spider bites you.
You are poisoned.
The wolf spider poisons you! The redback bites you! The wolf spider hits you!
* * * LOW HITPOINT WARNING * * *
The wolf spider closely misses you. The wolf spider hits you.
* * * LOW HITPOINT WARNING * * *
The wolf spider bites you.
You die...
Your body glows slightly and disappears.

.#..... #. .......## ##
.......P##### #
........PP..# ###
......#.....# #..
............## ##.
..P##..##.^.## #..
#....##s^.### ###
###.#.#@ss^.# #.
######.##s.^^## ##
#.#.....#.....## #.
###......##^....# ##
#.........##^.>.# #####c
##..........##...# #..P.#
#.....[......###.#####.c..#
#...........## ###.##....#
#............# #....c.....


You could see 2 wolf spiders, a jumping spider (wandering) and a redback.

Vanquished Creatures
  2 unseen horrors
  3 spiny frogs
  A komodo dragon (Lair:2)
  A boulder beetle (D:9)
  9 yaks
  Eustachio (D:4)
  A basilisk (D:9)
  2 hippogriffs
  A mottled dragon (D:9)
  A soldier ant (D:7)
  2 water moccasins
  5 porcupines (Lair:2)
  An orc warrior (D:7)
  A black bear (D:7)
  2 sky beasts
  An ice beast (D:9)
  4 centaurs
  An ogre (D:4)
  4 crocodiles
  A big kobold (D:9)
  8 giant frogs
  A gnoll sergeant (D:6)
  5 killer bees
  2 scorpions
  8 wights
  2 howler monkeys
  4 crimson imps
  A giant frog zombie (D:8)
  3 hounds
  An orc priest (D:8)
  2 orc wizards
  A quasit (D:9)
  An iron imp (D:9)
  4 jellies
  A giant frog skeleton (D:4)
  8 iguanas
  9 worker ants
  4 sheep (Lair:2)
  A hound zombie (D:5)
  A worker ant zombie (D:6)
  A howler monkey zombie (D:9)
  13 adders
  5 gnolls (D:6)
  29 river rats
  3 oozes
  An adder zombie (D:5)
  An adder skeleton (D:9)
  3 worms (D:3)
  4 giant geckos
  21 orcs
  8 bats
  4 giant cockroaches
  9 goblins
  7 hobgoblins
  12 jackals
  4 quokkas
  4 ball pythons
  3 giant newts
  A jackal zombie (D:6)
  4 kobolds
  2 quokka skeletons
  A quokka zombie (D:6)
  13 rats
  A plant (Lair:1)
265 creatures vanquished.

Vanquished Creatures (collateral kills)
  Gastronok (Lair:3)
  A hydra (Lair:1)
  A troll (D:8)
  Prince Ribbit (D:8)
  A hungry ghost (D:8)
  A black bear (D:8)
  An ogre (D:8)
  3 wights
  A crimson imp (D:8)
  2 centaur skeletons (D:8)
  2 adder skeletons (D:8)
  A giant gecko (D:4)
16 creatures vanquished.

Vanquished Creatures (others)
  A wight (D:9)
  An orc (D:9)
  A jackal (D:1)
  A plant (D:9)
4 creatures vanquished.

Grand Total: 285 creatures vanquished

Notes
Turn   | Place    | Note
--------------------------------------------------------------
     0 | D:1      | mopl the Spriggan Artificer began the quest for the Orb.
     0 | D:1      | Reached XP level 1. HP: 9/9 MP: 4/4
     1 | D:1      | Noticed an electric eel
    48 | D:1      | Reached skill level 2 in Stealth
   378 | D:1      | Reached XP level 2. HP: 10/14 MP: 6/6
   518 | D:1      | Reached skill level 3 in Stealth
  1013 | D:1      | Reached skill level 2 in Short Blades
  1128 | D:1      | Reached XP level 3. HP: 17/17 MP: 7/7
  1347 | D:2      | Found a shattered altar of Ashenzari.
  1357 | D:2      | Found a bloodstained altar of Trog.
  1379 | D:2      | Found a faded altar to an unknown god.
  1712 | D:2      | Reached skill level 5 in Evocations
  1850 | D:2      | Reached XP level 4. HP: 5/21 MP: 8/8
  2181 | D:3      | HP: 1/21 [worm (11)]
  2191 | D:3      | Reached skill level 4 in Stealth
  2942 | D:3      | Reached XP level 5. HP: 14/25 MP: 10/10
  3066 | D:4      | Reached skill level 3 in Short Blades
  3077 | D:4      | Reached skill level 5 in Stealth
  3203 | D:4      | Noticed Eustachio
  3952 | D:4      | Reached skill level 6 in Evocations
  4481 | D:4      | Reached XP level 6. HP: 29/29 MP: 11/11
  4583 | D:4      | Reached skill level 6 in Stealth
  4667 | D:4      | Reached skill level 4 in Short Blades
  5076 | D:5      | Entered Level 5 of the Dungeon
  5309 | D:5      | Reached XP level 7. HP: 32/32 MP: 13/13
  5415 | D:5      | Reached skill level 7 in Stealth
  5415 | D:5      | Reached skill level 7 in Evocations
  5582 | D:5      | Got a fabulously ornate robe
  5593 | D:5      | Identified the +4 robe of Fortification {rC+ Int+4} (You found it on level 5 of the Dungeon)
  5769 | D:5      | Reached skill level 5 in Short Blades
  5809 | D:5      | Reached skill level 8 in Stealth
  6147 | D:5      | Reached skill level 8 in Evocations
  6392 | D:4      | Killed Eustachio
  6392 | D:4      | Reached XP level 8. HP: 5/37 MP: 15/15
  6713 | D:6      | Reached skill level 9 in Stealth
  6720 | D:6      | Found a sacrificial altar of Ru.
  6754 | D:6      | Reached skill level 6 in Short Blades
  6934 | D:6      | Reached skill level 9 in Evocations
  7523 | D:6      | Found a basalt altar of Yredelemnul.
  7824 | D:7      | Found a sparkling altar of Nemelex Xobeh.
  7831 | D:7      | Became a worshipper of Nemelex Xobeh the Trickster
  7857 | D:7      | Reached skill level 1 in Fighting
  7900 | D:7      | Reached skill level 10 in Stealth
  7950 | D:7      | Received a gift from Nemelex Xobeh
  8136 | D:7      | Reached skill level 4 in Dodging
  8214 | D:7      | Reached XP level 9. HP: 17/42 MP: 17/17
  8457 | D:7      | Found a staircase to the Ecumenical Temple.
  8514 | D:7      | Found a radiant altar of Vehumet.
  8658 | D:7      | Reached skill level 2 in Fighting
  8868 | D:8      | Noticed an unseen horror
  8874 | D:8      | Killed an unseen horror
  8874 | D:8      | Reached skill level 7 in Short Blades
  8874 | D:8      | Reached skill level 5 in Dodging
  8874 | D:8      | Reached skill level 10 in Evocations
  8921 | D:8      | Reached * piety under Nemelex Xobeh
  8944 | D:8      | Received a gift from Nemelex Xobeh
  9057 | D:8      | Reached skill level 11 in Stealth
  9325 | D:8      | Noticed Prince Ribbit
  9338 | D:8      | Reached skill level 11 in Evocations
  9387 | D:8      | Killed Prince Ribbit
  9387 | D:8      | Reached skill level 3 in Fighting
  9387 | D:8      | Reached skill level 6 in Dodging
  9589 | D:8      | Noticed a troll
  9597 | D:8      | Killed a troll
  9690 | D:8      | Received a gift from Nemelex Xobeh
  9879 | D:9      | Found a snail-covered altar of Cheibriados.
  9958 | D:9      | Found a staircase to the Lair.
 10036 | D:8      | Reached XP level 10. HP: 12/49 MP: 19/19
 10719 | D:9      | Found a shimmering altar of Xom.
 10724 | D:9      | Reached ** piety under Nemelex Xobeh
 10903 | D:9      | Received a gift from Nemelex Xobeh
 11564 | D:9      | Reached skill level 7 in Dodging
 11587 | D:9      | Reached skill level 12 in Stealth
 11746 | D:9      | Reached skill level 8 in Short Blades
 11772 | D:9      | Reached skill level 12 in Evocations
 12199 | D:9      | Received a gift from Nemelex Xobeh
 12320 | D:9      | Noticed an unseen horror
 12323 | D:9      | Killed an unseen horror
 12323 | D:9      | Reached skill level 4 in Fighting
 12485 | Lair:1   | Entered Level 1 of the Lair of Beasts
 12547 | Lair:1   | Reached *** piety under Nemelex Xobeh
 12607 | Lair:1   | Noticed a spiny frog
 12607 | Lair:1   | Noticed a seven-headed hydra
 12671 | Lair:1   | Killed a spiny frog
 12672 | Lair:1   | Killed a seven-headed hydra
 12672 | Lair:1   | Reached skill level 8 in Dodging
 12853 | Lair:1   | Got a scorched blowgun
 12854 | Lair:1   | Identified the +0 blowgun "Cosche Ewoh" {speed, +Inv rC- rN+++ Str-4} (You found it on level 1 of the Lair of Beasts)
 13128 | Lair:1   | Reached skill level 13 in Evocations
 13147 | Lair:1   | Reached XP level 11. HP: 54/54 MP: 21/21
 13802 | Lair:2   | Received a gift from Nemelex Xobeh
 13993 | Lair:2   | Reached skill level 13 in Stealth
 14078 | Lair:2   | Reached **** piety under Nemelex Xobeh
 14614 | Lair:3   | Noticed Gastronok
 15078 | Lair:3   | Killed Gastronok
 15078 | Lair:3   | Reached skill level 5 in Fighting
 15078 | Lair:3   | Reached skill level 9 in Short Blades
 15078 | Lair:3   | Reached skill level 1 in Throwing
 15117 | Lair:3   | Reached skill level 9 in Dodging
 15140 | Lair:3   | Found a hole to the Spider Nest.
 15141 | Lair:3   | Noticed a wolf spider
 15141 | Lair:3   | Noticed a wolf spider
 15155 | Lair:3   | Slain by a wolf spider

Skill      XL: |  1  2  3  4  5  6  7  8  9 10 11 |
---------------+----------------------------------+-----
Stealth        | 2 3 4 5 6 8 10 11 12 13 | 13.1
Short Blades   | 2 3 4 5 6 7 8 9 |  9.0
Evocations     | 5 6 8 9 11 13 | 13.9
Fighting       | 1 3 4 5 |  5.0
Dodging        | 4 6 8 9 |  9.0
Throwing       | 1 |  1.2

Action                   |  1- 3 |  4- 6 |  7- 9 | 10-12 || total
-------------------------+-------+-------+-------+-------++-------
Melee: Short sword       |    86 |   176 |   423 |   360 ||  1045
       Dagger            |    52 |     1 |       |       ||    53
 Fire: Blowgun           |       |       |       |     9 ||     9
Throw: Stone             |       |       |     8 |       ||     8
Evoke: Wand              |    15 |     4 |     8 |     2 ||    29
       Deck              |       |       |     7 |    15 ||    22
  Use: Potion            |       |     3 |       |       ||     3
       Scroll            |       |     1 |     4 |     3 ||     8
 Stab: Sleeping          |     5 |    17 |    24 |    38 ||    84
       Paralysed         |     1 |       |       |       ||     1
       Confused          |       |       |     1 |       ||     1
       Distracted        |       |       |     2 |       ||     2
  Eat: Fruit             |       |     3 |     3 |       ||     6
       Royal jelly       |       |       |     1 |       ||     1
       Bread ration      |       |       |       |     1 ||     1
Armor: Robe              |    16 |    13 |    50 |    17 ||    96
Dodge: Dodged            |   124 |   104 |   294 |   215 ||   737
